 Dungeon Crawl Stone Soup version 0.21-a0-2-ge494091 (webtiles) character file.

1418 Angani the Cutter (level 8, -8/42 HPs)
             Began as a Vine Stalker Fighter on May 21, 2017.
             Mangled by an ice beast (11 damage)
             ... on level 5 of the Dungeon.
             The game lasted 00:08:15 (4025 turns).

Angani the Cutter (Vine Stalker Fighter)            Turns: 4025, Time: 00:08:15

Health: -8/42      AC: 16    Str: 22    XL:     8   Next: 71%
Magic:  0/9        EV:  4    Int:  8    God:
Gold:   193        SH: 10    Dex: 13    Spells: 7/7 levels left

rFire    . . .     SeeInvis .   a - +0 rapier
rCold    . . .     Gourm    .   c - +0 shield
rNeg     . . .     Faith    .   i - +0 plate armour
rPois    .         Spirit   +   (no helmet)
rElec    .         Reflect  .   o - +0 cloak
rCorr    .         Harm     .   (no gloves)
MR       +....                  u - +2 pair of boots
Stlth    ..........             (no amulet)
Regen    0.6/turn               (no ring)
MPRegen  0.2/turn               (no ring)

@: lethally poisoned (-8 -> -8)
A: fangs 3, regeneration 1, magic shield, antimagic bite, no potion heal 3, rot
immunity
a: no special abilities


You were on level 5 of the Dungeon.
You were hungry.

You visited 2 branches of the dungeon, and saw 7 of its levels.
You also visited: Sewer.

You collected 273 gold pieces.
You spent 80 gold pieces at shops.

Inventory:

Hand Weapons
 a - a +0 rapier (weapon)
Armour
 c - a +0 shield (worn)
 i - a +0 plate armour (worn)
 o - a +0 cloak (worn)
 u - a +2 pair of boots (worn)
Wands
 j - a wand of digging (6/24)
Scrolls
 d - a scroll of fog
 e - 5 scrolls of teleportation
 h - 3 scrolls of remove curse
 q - a scroll of fear {unknown}
 r - a scroll of magic mapping
 t - a scroll of identify
 v - a scroll of amnesia {unknown}
Potions
 b - a potion of invisibility {unknown}
 g - 4 potions of mutation {unknown}
 k - a potion of heal wounds {unknown}
 l - 2 potions of curing {unknown}
 n - a potion of brilliance
 p - a potion of cancellation
Comestibles
 f - 3 bread rations
 m - a royal jelly
 s - a meat ration


   Skills:
 + Level 4.8 Fighting
 * Level 6.2 Short Blades
 + Level 4.7 Armour
 + Level 5.0 Shields


You had 7 spell levels left.
You didn't know any spells.

Dungeon Overview and Level Annotations

Branches:
Dungeon (6/15)             Temple (1/1) D:6

Altars:
Ashenzari
Cheibriados
Elyvilon
Fedhas
Gozag
Hepliaklqana
Kikubaaqudgha
Nemelex Xobeh
Okawaru
Qazlal
Trog
Vehumet
Wu Jian
Yredelemnul
The Shining One

Shops:
D:6 *


Innate Abilities, Weirdness & Mutations

You have razor-sharp teeth.
Your natural rate of healing is unusually fast.
When hurt, damage is shared between your health and your magic reserves.
Your bite disrupts and absorbs the magic of your enemies.
Potions cannot restore your health.
You are immune to rotting.


Message History

You feel sick.
The ice beast hits you but does no damage.
Your plate armour prevents you from hitting the ice beast.
Your bite misses the ice beast.
The ice beast is lightly wounded.
The ice beast hits you but does no damage.
You hit the ice beast.
The ice beast is moderately wounded.
You feel sick.
The ice beast hits you but does no damage.
Unknown command.
You closely miss the ice beast.
The ice beast is moderately wounded.
The ice beast hits you but does no damage.
You hit the ice beast. Your bite misses the ice beast.
The ice beast is moderately wounded.
You feel sick. The ice beast hits you.
* * * LOW HITPOINT WARNING * * *
The ice beast freezes you!
You die...

******###
*,,,,,..#**###
#.#***#..,,..#
#.# #.####.# #.#
#Y†..#.# #.#
##@##.#.#
#.####...#.#.##
#......_......#
#..#.#...####.#
######..#.##.##
#.#
###.......#,...#
#.#
##.[.#####.####.#
#.# ##..#.#
#......# ##.#
.#.##.# ##.#.#..#
#..#


You could see an ice beast.

Vanquished Creatures
  The ghost of Toogi the Thaumaturge, a novice DEFE of Sif Muna (D:6)
  The ghost of quik the Slasher, an amateur BaFi of Okawaru (D:3)
  2 ice beasts
  An ogre (D:5)
  A bullfrog (D:6)
  A bullfrog zombie (D:6)
  A crimson imp (D:6)
  2 centaur skeletons (D:5)
  Crazy Yiuf (D:2)
  2 orc wizards
  Terence (D:2)
  3 worker ants
  A hound zombie (D:5)
  A howler monkey zombie (D:6)
  6 adders
  2 river rats (Sewer)
  2 oozes
  2 worms
  A dart slug (D:3)
  4 leopard geckos
  11 orcs
  6 giant cockroaches
  8 goblins
  8 hobgoblins
  6 jackals
  9 kobolds
  3 ball pythons (Sewer)
  6 bats
  10 frilled lizards
  A jackal skeleton (D:6)
  12 rats
116 creatures vanquished.

Vanquished Creatures (others)
  5 plants (D:6)
5 creatures vanquished.

Grand Total: 121 creatures vanquished

Notes
Turn   | Place    | Note
-------+----------+-------------------------------------------
     0 | D:1      | Angani the Vine Stalker Fighter began the quest for the Orb.
     0 | D:1      | Reached XP level 1. HP: 11/11 MP: 2/2
   140 | D:1      | Reached skill level 2 in Short Blades
   181 | D:1      | Reached XP level 2. HP: 13/16 MP: 3/3
   640 | D:1      | Reached XP level 3. HP: 19/19 MP: 4/4
  1058 | D:2      | Noticed Terence
  1075 | D:2      | Killed Terence
  1075 | D:2      | Gained mutation: Your natural rate of healing is unusually fast. [Vine Stalker growth]
  1075 | D:2      | Reached XP level 4. HP: 18/24 MP: 5/5
  1529 | D:2      | Reached skill level 3 in Short Blades
  1637 | D:2      | Found a runed door.
  1643 | D:2      | Noticed Crazy Yiuf
  1652 | D:2      | Killed Crazy Yiuf
  1652 | D:2      | Reached XP level 5. HP: 15/28 MP: 6/6
  2303 | D:3      | Noticed quik's ghost (amateur BaFi)
  2312 | D:3      | Killed quik's ghost
  2312 | D:3      | Reached skill level 4 in Short Blades
  2312 | D:3      | Reached XP level 6. HP: 27/32 MP: 5/7
  2444 | D:3      | Found a glowing drain.
  2448 | Sewer    | Entered a sewer
  2596 | Sewer    | Noticed Serafim's ghost (amateur MiFi)
  3097 | D:4      | Found a shattered altar of Ashenzari.
  3136 | D:5      | Entered Level 5 of the Dungeon
  3173 | D:6      | Reached XP level 7. HP: 36/37 MP: 6/8
  3345 | D:6      | Found an ancient bone altar of Kikubaaqudgha.
  3455 | D:6      | Found Bana's Assorted Antiques.
  3481 | D:6      | Bought a scroll of magic mapping for 80 gold pieces
  3542 | D:6      | Reached skill level 5 in Short Blades
  3590 | D:6      | Found a staircase to the Ecumenical Temple.
  3590 | D:6      | Noticed Toogi's ghost (novice DEFE)
  3598 | D:6      | Killed Toogi's ghost
  3598 | D:6      | Gained mutation: You have razor-sharp teeth. [Vine Stalker growth]
  3598 | D:6      | Reached XP level 8. HP: 13/42 MP: 2/9
  3603 | Temple   | Entered the Ecumenical Temple
  3778 | D:5      | Reached skill level 6 in Short Blades
  3780 | D:5      | Reached skill level 5 in Shields
  4001 | D:5      | Found a hazy altar of Hepliaklqana.
  4025 | D:5      | Mangled by an ice beast

Vault maps used:
D:1:      eino_arrival_cavern_a, serial_glass, glass_columns_a, glass_columns_b,
          glass_columns_c, glass_columns_c, minmay_lizard_pond
D:2:      minmay_split_cup_small, uniq_crazy_yiuf_cottage, uniq_terence
D:3:      gup_sewer_entry_bowl
D:4:      lemuel_round_altar, first_bread
D:5:      minmay_diamond_boxcup, nicolae_overflow_crystal_walls
D:6:      lemuel_round_altar, minmay_temple_entry_enclosed_plants, serial_shops,
          shop
Temple:   nicolae_temple_x_marks_the_god
Sewer:    sewer_co_cracked_pipes

Skill      XL: |  1  2  3  4  5  6  7  8 |
---------------+-------------------------+-----
Short Blades   | 2 3 4 5 6 |  6.2
Fighting       | 3 4 |  4.8
Armour         | 3 4 |  4.7
Shields        | 3 4 5 |  5.0

Action                   |  1- 3 |  4- 6 |  7- 9 || total
-------------------------+-------+-------+-------++-------
Melee: Rapier            |   101 |   217 |   110 ||   428
       Bite              |    21 |    69 |    35 ||   125
  Use: Scroll            |       |     8 |       ||     8
       Potion            |       |     2 |     1 ||     3
  Eat: Chunk             |       |     5 |       ||     5
       Meat ration       |       |     1 |       ||     1
Armor: Scale mail        |    14 |       |       ||    14
       Plate armour      |    49 |   103 |    58 ||   210
Dodge: Dodged            |    18 |    20 |    12 ||    50
Block: Shield            |    51 |   106 |    51 ||   208
